 Dungeon Crawl Stone Soup version 0.31-a0-949-g57150269e1 (webtiles) character file.

Game seed: 2744508422690152027

116 mattiecakes the Shield-Bearer (level 5, 0/33 HPs)
             Began as a Gargoyle Fighter on Oct 22, 2023.
             Slain by Grinder (1 damage)
             ... on level 3 of the Dungeon.
             The game lasted 00:06:27 (1843 turns).

mattiecakes the Shield-Bearer (Gargoyle Fighter)    Turns: 1843, Time: 00:06:29

Health: 0/33       AC: 13    Str: 22    XL:     5   Next: 0%
Magic:  5/5        EV:  9    Int:  8    God:
Gold:   198        SH:  4    Dex:  9    Spells: 4/4 levels left

rFire   . . .        s - +0 long sword
rCold   . . .        c - +0 buckler
rNeg    + . .        b - +0 scale mail
rPois   ∞            (no helmet)
rElec   +            (no cloak)
rCorr   .            (no gloves)
SInv    .            r - +1 pair of boots
Will    .....        (no amulet) Stlth
                     (no ring)
HPRegen 0.25/turn    (no ring)
MPRegen 0.09/turn

%: no passive effects
@: no status effects
A: sickness immunity, AC +4, negative energy resistance 1, electricity
resistance, torment resistance 1, petrification resistance
a: no special abilities


You were on level 3 of the Dungeon.
You visited 1 branch of the dungeon, and saw 3 of its levels.

You collected 198 gold pieces.

Inventory:

Hand Weapons
 a - a +0 flail
 g - a +0 short sword
 s - a +0 long sword (weapon)
Armour
 b - a +0 scale mail (worn)
 c - a +0 buckler (worn)
 r - a +1 pair of boots (worn)
Jewellery
 p - a ring of resist corrosion
Scrolls
 i - a scroll of blinking {unknown}
 j - a scroll of silence {unknown}
 m - a scroll of enchant armour {unknown}
 n - 2 scrolls of identify {unknown}
 o - a scroll of torment {unknown}
 q - 2 scrolls of enchant weapon {unknown}
Potions
 d - a potion of might
 e - 3 potions of curing {unknown}
 f - a potion of haste {unknown}
 h - a potion of heal wounds {unknown}
 k - 2 potions of brilliance {unknown}
 l - a potion of attraction {unknown}


   Skills:
 - Level 4.1 Fighting
 + Level 0.2 Long Blades
 - Level 2.9 Maces & Flails
 - Level 4.1 Armour
 - Level 4.1 Shields


You had 4 spell levels left.
You didn't know any spells.
Your spell library was empty.

Dungeon Overview and Level Annotations

Branches:
Dungeon (3/15)

Altars:
Fedhas
Kikubaaqudgha
Nemelex Xobeh
Qazlal
Yredelemnul

Shops:
D:3 *

Annotations:
D:2 1 runed translucent door, Crazy Yiuf
D:3 Grinder


Innate Abilities, Weirdness & Mutations

You are immune to sickness and miasma.
Your stone body is resilient. (AC +4)
You are immune to poison.
You resist negative energy. (rN+)
You are resistant to electric shocks. (rElec)
You are resistant to unholy torment.
You are immune to petrification.


Message History

The goblin shoots a sling bullet.
The sling bullet closely misses you. Grinder barely misses you.
You see here 8 gold pieces.
You slash Grinder!
Grinder is heavily wounded.
Grinder hits you.
You closely miss Grinder.
Grinder is heavily wounded.
You block Grinder's attack. Grinder hits you but does no damage.
You barely miss Grinder.
Grinder is heavily wounded.
Grinder blinks!
You hit the goblin.
You kill the goblin!
You have reached level 5!
You hit Grinder but do no damage.
Grinder is heavily wounded.
Grinder gestures at you.
You barely resist. You closely miss Grinder.
Grinder is heavily wounded.
You block Grinder's attack. Grinder gestures at you.
You barely resist.
Unknown command.
You hit Grinder but do no damage.
Grinder is heavily wounded.
Grinder closely misses you.
Unknown command.
You hit Grinder but do no damage.
Grinder is heavily wounded.
Grinder hits you.
* * * LOW HITPOINT WARNING * * *
You hit Grinder.
Grinder is severely wounded.
Grinder hits you!
* * * LOW HITPOINT WARNING * * *
You writhe in agony.
You die...
Grinder says, "Now the real fun starts!"

....... ..... ....... ....
....... ...## .####.. ....
##.∩ ###.. ##### #.. ...
#.... ...# #.##.##.# #....
##.####.......# #.... #.#
#..)@5.....# #....
.....#..#.##>#########....
#......##.###..........
###..####.##.#.####....
.....####.#.###......#.
####........## ##.......
#######.## ##.##... ##.##
##....... ##.###>####...


You could see Grinder.

Vanquished Creatures
  Terence (D:3)
  5 adders
  A worm (D:2)
  A dart slug (D:3)
  2 endoplasms (D:1)
  A giant cockroach (D:2)
  4 goblins
  4 hobgoblins
  2 quokkas
  5 ball pythons
  5 bats
  3 frilled lizards
  6 kobolds
  4 rats (D:1)
44 creatures vanquished.

Notes
Turn   | Place    | Note
-------+----------+-------------------------------------------
     0 | D:1      | mattiecakes the Gargoyle Fighter began the quest for the
                  | Orb.
     0 | D:1      | Reached XP level 1. HP: 14/14 MP: 1/1
   130 | D:1      | Reached XP level 2. HP: 15/19 MP: 2/2
   627 | D:1      | Reached XP level 3. HP: 23/23 MP: 3/3
  1226 | D:2      | Found a runed translucent door.
  1227 | D:2      | Noticed Crazy Yiuf
  1342 | D:2      | Reached XP level 4. HP: 28/29 MP: 4/4
  1356 | D:2      | You fall into a shaft and drop 1 floor!
  1394 | D:3      | Found an ancient bone altar of Kikubaaqudgha.
  1634 | D:3      | Found a basalt altar of Yredelemnul.
  1634 | D:3      | Found a sparkling altar of Nemelex Xobeh.
  1638 | D:3      | Found a blossoming altar of Fedhas.
  1657 | D:3      | Noticed Terence
  1676 | D:3      | Killed Terence
  1712 | D:3      | Found a stormy altar of Qazlal.
  1812 | D:3      | Found Ysafizumn's General Store.
  1815 | D:3      | Noticed Grinder
  1821 | D:3      | Paralysed by Grinder for 2 turns
  1826 | D:3      | Paralysed by Grinder for 4 turns
  1839 | D:3      | Reached XP level 5. HP: 13/33 MP: 5/5
  1843 | D:3      | HP: 1/33 [Grinder (7)]
  1843 | D:3      | Slain by Grinder

Illustrated notes

Levels and vault maps discovered:
D:1:      eino_arrival_cavern_e, layout_basic
D:2:      layout_rooms, minmay_pentomino_o2, uniq_crazy_yiuf_cottage
D:3:      layout_loops_cross, grunt_temple_overflow_open,
          general_overflow_altar, serial_shops, shop, nicolae_the_louvre,
          uniq_terence, uniq_natasha, uniq_grinder

Skill      XL: |  1  2  3  4 |
---------------+-------------+-----
Armour         | 4 |  4.1
Fighting       | 4 |  4.1
Shields        | 4 |  4.1
Long Blades    | |  0.2
Maces & Flails | |  2.9

Action                     |  1- 3 |  4- 6 || total
---------------------------+-------+-------++-------
  Melee: Flail             |   133 |    37 ||   170
         Long sword        |       |    19 ||    19
 Armour: Scale mail        |   111 |    48 ||   159
  Dodge: Dodged            |    78 |    22 ||   100
  Block: Buckler           |    34 |     9 ||    43

Table legend: (Time is in decaauts)
 A = Elapsed time spent in this place.
 B = Non-inter-level travel time spent in this place.
 C = Inter-level travel time spent in this place.
 D = Time resting spent in this place.
 E = Time spent auto-exploring this place.
 F = Levels seen in this place.
 G = Mean time per level.
                   A        B        C        D        E       F      G
               +--------+--------+--------+--------+--------+-----+--------+
         Total |   1904 |   1897 |      7 |    160 |   1245 |   3 |  634.7 |
       Dungeon |   1904 |   1897 |      7 |    160 |   1245 |   3 |  634.7 |
               +--------+--------+--------+--------+--------+-----+--------+

Top non-repeatable levels by time:
     D:1: 878 daAuts
     D:2: 520 daAuts
     D:3: 505 daAuts
